 Dungeon Crawl Stone Soup version 0.32-a0-986-ga09f62fbf4 (webtiles) character file.

Game seed: 10675349004113483331

274 GiantSquids the Changeling (level 6, -1/38 HPs)
             Began as an Octopode Shapeshifter on Apr 22, 2024.
             Killed from afar by Ijyb (12 damage)
             ... with a rupture
             ... on level 4 of the Dungeon.
             The game lasted 00:08:40 (2848 turns).

GiantSquids the Changeling (Octopode Shapeshifter)  Turns: 2848, Time: 00:08:40

Health: -1/38      AC:  1    Str: 21    XL:     6   Next: 24%
Magic:  6/6        EV: 12    Int: 12    God:
Gold:   56         SH:  0    Dex: 12    Spells: 5/5 levels left

rFire   . . .        r - +2 dagger (venom)
rCold   . . .        (no shield)
rNeg    . . .        (helmet currently unavailable)
rPois   .            (no amulet)
rElec   .            f - ring of resist corrosion
rCorr   +            n - +6 ring of strength
SInv    .            (no ring)
Will    .....        (no ring)
Stlth   +++          (no ring)
HPRegen 0.26/turn    (no ring)
MPRegen 0.10/turn    (no ring)
                     (no ring)

%: no passive effects
@: beast-form
A: beast (slay +3), almost no armour, amphibious, 8 rings, camouflage 1,
gelatinous body 1, (nimble swimmer 1), tentacles
a: Begin Untransformation


You were on level 4 of the Dungeon.
You were a hulking beast.
You visited 1 branch of the dungeon, and saw 4 of its levels.

You collected 56 gold pieces.

Inventory:

Hand Weapons
 r - a +2 dagger of venom (weapon)
Jewellery
 f - a ring of resist corrosion (left tentacle)
 n - a +6 ring of strength (right tentacle)
 p - an amulet of guardian spirit
Talismans
 b - a beast talisman (active)
 c - a flux talisman
Scrolls
 e - a scroll of teleportation {unknown}
 g - a scroll of brand weapon {unknown}
 k - a scroll of vulnerability {unknown}
 l - 3 scrolls of identify {unknown}
Potions
 a - 3 potions of lignification
 d - a potion of enlightenment {unknown}
 i - a potion of brilliance
 j - a potion of curing
 m - a potion of ambrosia {unknown}
 o - a potion of might {unknown}
 q - a potion of attraction {unknown}


   Skills:
 - Level 1.0 Fighting
 - Level 2.0 Dodging
 - Level 4.0 Stealth
 - Level 3.0 Unarmed Combat
 * Level 5.7 Shapeshifting


You had 5 spell levels left.
You didn't know any spells.
Your spell library contained the following spells:

 Spells                   Type           Power      Damage    Failure   Level
 Frozen Ramparts          Ice            0%         1d1       69%         3
 Ozocubu's Armour         Ice            0%         N/A       69%         3
 Metabolic Englaciation   Hex/Ice        0%         N/A       100%        5


Dungeon Overview and Level Annotations

Branches:
Dungeon (4/15)
 Temple: D:4-7

Altars:
Kikubaaqudgha
Nemelex Xobeh
Ru
Zin
The Shining One

Shops:
D:1 *   D:2 [(*=

Annotations:
D:4 Ijyb, Menkaure


Innate Abilities, Weirdness & Mutations

You are a hulking beast.
Your limbs bulge with bestial killing power. (Slay +3)
You cannot wear most types of armour.
You are amphibious.
You can wear up to eight rings at the same time.
Your skin changes colour to match your surroundings (Stealth+).
Your rubbery body absorbs attacks. (AC +1, EV +1)
((You are camouflaged when in or above water. (Stealth+)))
You have tentacles for arms and can constrict up to eight enemies at once.


Message History

a +0 whip; a +0 club; a gnoll corpse The gnoll shouts!
The gnoll shouts!
Things that are here:
a +0 whip; a +0 club; a gnoll corpse Ijyb the Inquisitive comes into view.
She is wielding a +0 club and carrying a wand of warping.
The gnoll completely misses you.
Ijyb shouts!
The gnoll closely misses you. The gnoll misses you.
Things that are here:
a +0 whip; a +0 club; a gnoll corpse The ogre shouts!
You hit the gnoll. Your grab misses the gnoll.
The gnoll is moderately wounded.
The gnoll closely misses you. The gnoll hits you with a +0 halberd!
You hit the gnoll.
The gnoll is poisoned.
You grab the gnoll.
The gnoll is severely wounded.
You constrict the gnoll.
You kill the gnoll!
The gnoll closely misses you.
You barely miss the gnoll. You grab the gnoll. You constrict the gnoll.
The gnoll barely misses you.
You hit the gnoll.
The gnoll is poisoned.
The gnoll is heavily wounded.
You constrict the gnoll.
You kill the gnoll!
Ijyb zaps a wand.
Space twists violently!
The rupture engulfs you!
You blink.
You hear an angry hiss.
There is a stone staircase leading up here.
You climb upwards.
There is a stone staircase leading down here.
There is a stone staircase leading down here.
You climb downwards.
Level annotation: Ijyb, Menkaure
There is a stone staircase leading up here.
Ijyb zaps a wand.
Space twists violently!
The rupture engulfs you!!
* * * LOW HITPOINT WARNING * * *
You hear a shout!
Ijyb zaps a wand.
Space twists violently!
The rupture engulfs you!
You blink.
You die...

#### #.......###h.#
##.......##.....#
.........#.....## ?..
........##....### ...
##.......#......#### ...##..
...........§)##.## ......#
##†...##.....#...#
......###...#. ##........###
...#..##....#.###..O.......#


There were no monsters in sight!

Vanquished Creatures
  A scorpion (D:3)
  A bombardier beetle (D:3)
  An orc priest (D:3)
  4 gnolls (D:4)
  4 adders
  A dart slug (D:2)
  10 orcs
  5 endoplasms
  3 giant cockroaches
  6 goblins
  3 hobgoblins
  2 jackals (D:1)
  8 kobolds
  6 quokkas
  2 ball pythons (D:2)
  6 bats
  4 frilled lizards
  6 rats
73 creatures vanquished.

Notes
Turn   | Place    | Note
-------+----------+-------------------------------------------
     0 | D:1      | GiantSquids the Octopode Shapeshifter began the quest for
                  | the Orb.
     0 | D:1      | Reached XP level 1. HP: 13/13 MP: 1/1
    94 | D:1      | Reached skill level 1 in Stealth
   156 | D:1      | Reached XP level 2. HP: 18/18 MP: 2/2
   633 | D:1      | Found Ytasygh's Assorted Antiques.
   779 | D:2      | Found a glowing golden altar of the Shining One.
   779 | D:2      | Found Ziasor's Jewellery Boutique.
   812 | D:2      | Found a glowing silver altar of Zin.
   860 | D:2      | Reached XP level 3. HP: 18/23 MP: 3/3
  1151 | D:2      | Found Oggaa's Antique Armour Shop.
  1208 | D:2      | Reached skill level 4 in Shapeshifting
  1305 | D:2      | Found Ejad's Assorted Antiques.
  1313 | D:2      | Found Kosseaha's Weapon Shoppe.
  1348 | D:2      | You fall into a shaft and drop 2 floors!
  1356 | D:4      | Reached XP level 4. HP: 28/28 MP: 4/4
  1680 | D:3      | Reached XP level 5. HP: 33/33 MP: 5/5
  1907 | D:3      | Found a sacrificial altar of Ru.
  1921 | D:3      | Found a sparkling altar of Nemelex Xobeh.
  1933 | D:3      | Found an ancient bone altar of Kikubaaqudgha.
  2245 | D:4      | Noticed Menkaure
  2624 | D:4      | Noticed a black bear
  2629 | D:4      | Reached skill level 5 in Shapeshifting
  2635 | D:3      | Reached XP level 6. HP: 5/38 MP: 6/6
  2820 | D:4      | Noticed Ijyb
  2848 | D:4      | Killed from afar by Ijyb

Illustrated notes

Levels and vault maps discovered:
D:1:      mrwooster_arrival_statue_3, layout_basic, serial_shops,
          nicolae_shop_behind_doors, minmay_misc_feat_doors
D:2:      wad_woods_stonehenge, layout_basic, serial_shops,
          nicolae_shop_advertising_works [nicolae_subvault_shop_adworks], shop,
          nicolae_shop_rolling_square, shop_fountains,
          nicolae_shop_window_shopping, basic_altar, minmay_pentomino_s2
D:3:      minmay_skewed_foursquare, layout_rooms,
          nicolae_ru_the_path_less_chosen, mainiacjoe_overflow_large_starburst
D:4:      layout_cave_pools, minmay_temple_entry_statues_pillars, uniq_ijyb,
          uniq_menkaure

Skill      XL: |  1  2  3  4  5 |
---------------+----------------+-----
Stealth        | 1 2 3 4 |  4.0
Shapeshifting  | 4 5 |  5.7
Fighting       | |  1.0
Dodging        | |  2.0
Unarmed Combat | |  3.0

Action                     |  1- 3 |  4- 6 || total
---------------------------+-------+-------++-------
  Melee: Unarmed           |    28 |       ||    28
         Tentacles         |    16 |     9 ||    25
         Constrict         |    25 |    17 ||    42
         Dagger            |    53 |    51 ||   104
    Use: Potion            |       |     2 ||     2
   Stab: Sleeping          |     6 |     7 ||    13
 Armour: Skin              |    38 |    23 ||    61
  Dodge: Dodged            |    32 |    30 ||    62

Table legend: (Time is in decaauts)
 A = Elapsed time spent in this place.
 B = Non-inter-level travel time spent in this place.
 C = Inter-level travel time spent in this place.
 D = Time resting spent in this place.
 E = Time spent auto-exploring this place.
 F = Levels seen in this place.
 G = Mean time per level.
                   A        B        C        D        E       F      G
               +--------+--------+--------+--------+--------+-----+--------+
         Total |   2850 |   2586 |    264 |    367 |   1517 |   4 |  712.5 |
       Dungeon |   2850 |   2586 |    264 |    367 |   1517 |   4 |  712.5 |
               +--------+--------+--------+--------+--------+-----+--------+

Top non-repeatable levels by time:
     D:3: 1409 daAuts
     D:1: 776 daAuts
     D:2: 568 daAuts
     D:4: 96 daAuts
